 Dungeon Crawl Stone Soup version 0.16.2-12-gd0ad4c3 (webtiles) character file.

93 schauveau the Magician (level 4, 0/24 HPs)
             Began as a Gargoyle Earth Elementalist on Oct 29, 2015.
             Slain by a bat (1 damage)
             ... on level 3 of the Dungeon.
             The game lasted 00:15:45 (1601 turns).

schauveau the Magician (GrEE)                       Turns: 1601, Time: 00:15:47

Health: 0/24       AC:  5    Str: 11    XL:     4   Next: 61%
Magic:  7/11       EV: 12    Int: 17    God:
Gold:   105        SH:  0    Dex: 10    Spells: 1 memorised, 10 levels left

rFire  . . .     SeeInvis .     n - +1 dagger (venom)
rCold  . . .     Clarity  .     c - +0 robe
rNeg   + . .     SustAb   .     (no shield)
rPois  ∞         Gourm    .     (no helmet)
rElec  +         Spirit   .     (no cloak)
rCorr  .         Warding  .     (no gloves)
rMut   .         Stasis   .     (no boots)
MR     .....                    (no amulet)
Stlth  ++........               (no ring)
                                (no ring)

@: not resistant to hostile enchantments, unstealthy
A: negative energy resistance 1, electricity resistance, unbreathing,
petrification resistance, rot immunity, AC +3
a: no special abilities


You were on level 3 of the Dungeon.
You were not hungry.

You visited 1 branch of the dungeon, and saw 3 of its levels.

You collected 105 gold pieces.

Inventory:

Hand weapons
 g - a +3 spear
 n - a +1 dagger of venom (weapon)
 o - a +0 vampiric dagger
 q - a +0 mace
Missiles
 b - 90 stones
 f - 15 poisoned needles
 k - 4 tomahawks (quivered)
 r - 17 arrows of frost
Armour
 c - a +0 robe (worn)
Scrolls
 e - a scroll of blinking {unknown}
 i - a scroll of amnesia {unknown}
 j - 4 scrolls of identify {unknown}
Potions
 l - a potion of magic {unknown}
 p - a potion of invisibility {unknown}
 s - a potion of heal wounds {unknown}
Books
 d - a book of Geomancy

   Spells                             Type                      Level
   a - Sandblast                      Earth                        1
   b - Stoneskin                      Transmutation/Earth          2
   c - Passwall                       Transmutation/Earth          3
   d - Stone Arrow                    Conjuration/Earth            3
   e - Petrify                        Transmutation/Earth          4
   f - Lee's Rapid Deconstruction     Earth                        5
Comestibles
 a - a bread ration
 h - a slice of pizza
 m - a meat ration
 t - a chunk of flesh


   Skills:
 - Level 1.5 Dodging
 - Level 2.1 Stealth
 * Level 4.3 Spellcasting
   Level 0.7 Transmutations
 - Level 3.6 Earth Magic


You had 10 spell levels left.
You knew the following spells:

 Your Spells              Type           Power        Failure   Level  Hunger
a - Sandblast             Erth           ###...       3%          1    None


Dungeon Overview and Level Annotations

Branches:
Dungeon (3/15)

Altars:
Dithmenos
Elyvilon


Innate Abilities, Weirdness & Mutations

You are resistant to torment.
You are immune to poison.
Your stone body is very resilient (AC +3).
You resist negative energy.
You are resistant to electric shocks.
You can survive without breathing.
You are immune to petrification.
You are immune to rotting.


Message History

You closely miss the bat.
You kill the orc!
The bat hits you but does no damage.
You closely miss the orc wizard.
The orc wizard is lightly wounded.
The orc wizard hits you but does no damage.
The bat closely misses you.
You barely miss the orc wizard.
The orc wizard is lightly wounded.
The bat hits you. The orc wizard hits you with a dagger.
The orc wizard hits you with a dagger.
* * * LOW HITPOINT WARNING * * *
You barely miss the orc wizard.
The orc wizard is moderately wounded.
The orc wizard looks more healthy.
The bat hits you but does no damage. The orc wizard casts a spell at you.
The magic dart hits you!
* * * LOW HITPOINT WARNING * * *
The bat hits you.
You die...

######..#####(### ######..
................. ........ ## #.#
##..#### ######.. .## #.#
##......###. #.. ..# #.#
#...!....#..# #..
..####.#####..[.......# #..
..........##........# ##.
.#..............o...# (o.
...............b@)..####.# ..o..
##........###.....).............o
##........# ############## #...o.
########## ..... ..§. .


You could see an orc wizard and a bat.

Vanquished Creatures
  An orc priest (D:3)
  An adder (D:3)
  A gnoll (D:1)
  2 worms (D:2)
  An orc (D:3)
  A ball python (D:1)
  4 goblins
  4 hobgoblins
  5 bats
  A giant cockroach (D:1)
  9 kobolds
  2 quokkas (D:2)
  3 rats (D:2)
35 creatures vanquished.

Notes
Turn   | Place    | Note
--------------------------------------------------------------
     0 | D:1      | schauveau, the Gargoyle Earth Elementalist, began the quest for the Orb.
     0 | D:1      | Reached XP level 1. HP: 10/10 MP: 3/3
   318 | D:2      | Reached XP level 2. HP: 15/15 MP: 1/5
   666 | D:2      | Reached XP level 3. HP: 19/19 MP: 4/8
   707 | D:2      | Found a white marble altar of Elyvilon.
   960 | D:2      | Found a shadowy altar of Dithmenos.
  1568 | D:3      | Reached skill level 4 in Spellcasting
  1568 | D:3      | Reached XP level 4. HP: 24/24 MP: 9/11
  1601 | D:3      | HP: 1/24 [orc wizard/magic dart (5)]
  1601 | D:3      | Slain by a bat

Action                   |  1- 3 |  4- 6 || total
-------------------------+-------+-------++-------
Melee: Unarmed           |     3 |       ||     3
       Spear             |    12 |       ||    12
       Dagger            |    35 |    11 ||    46
 Cast: Sandblast         |    31 |     6 ||    37
  Eat: Chunk             |     2 |       ||     2
